 Dungeon Crawl Stone Soup version 0.31-a0-1-g4198be8af4 (webtiles) character file.

Game seed: 11327635629264087665

78 Jase the Grasshopper (level 4, -2/39 HPs)
             Began as an Armataur Warper on Apr 30, 2023.
             Slain by an ogre
             ... wielding a +0 giant spiked club
              (33 damage)
             ... on level 3 of the Dungeon.
             The game lasted 00:05:41 (2319 turns).

Jase the Grasshopper (Armataur Warper)              Turns: 2319, Time: 00:05:42

Health: -2/39      AC:  8    Str: 17    XL:     4   Next: 15%
Magic:  6/6        EV:  9    Int: 13    God:
Gold:   123        SH:  0    Dex: 11    Spells: 2/6 levels left

rFire   . . .        b - +1 dagger (venom)
rCold   . . .        (no shield)
rNeg    . . .        e - +0 leather armour
rPois   .            (no helmet)
rElec   .            (no cloak)
rCorr   .            (no gloves)
SInv    +            (no barding)
Will    .....        (no amulet)
Stlth   +            k - +4 ring of protection
HPRegen 0.26/turn    n - ring of see invisible
MPRegen 0.10/turn

%: roll
@: no status effects
A: large, rugged brown scales 3, deformed body, armoured tail, roll, long
tongue, awkward tongue
a: no special abilities


You were on level 3 of the Dungeon.
You visited 1 branch of the dungeon, and saw 3 of its levels.

You collected 123 gold pieces.

Inventory:

Hand Weapons
 a - a +0 falchion
 b - a +1 dagger of venom (weapon)
Missiles
 d - 7 boomerangs of dispersal (quivered)
 m - 8 javelins
Armour
 e - a +0 leather armour (worn)
Jewellery
 k - a +4 ring of protection (left hand)
 n - a ring of see invisible (right hand)
Scrolls
 c - a scroll of blinking
 f - a scroll of noise {unknown}
 g - 2 scrolls of identify {unknown}
 i - a scroll of acquirement {unknown}
 l - a scroll of teleportation {unknown}
Potions
 h - a potion of ambrosia {unknown}
 j - 3 potions of heal wounds {unknown}
 o - a potion of resistance {unknown}


   Skills:
 + Level 2.3 Fighting
 * Level 2.7 Long Blades
 - Level 0.8 Throwing
 + Level 2.4 Armour
 - Level 1.3 Dodging
 + Level 1.0 Stealth
 - Level 1.7 Spellcasting
 + Level 3.4 Translocations


You had 2 spell levels left.
You knew the following spells:

 Your Spells              Type           Power      Damage    Failure   Level
a - Blink                 Tloc           20%        N/A       12%         2
b - Lesser Beckoning      Tloc           20%        N/A       12%         2

Your spell library contained the following spells:

 Spells                   Type           Power      Damage    Failure   Level
 Teleport Other           Tloc           10%        N/A       22%         3
 Vhi's Electric Charge    Tloc/Air       10%        N/A       43%         3
 Manifold Assault         Tloc           10%        N/A       58%         4


Dungeon Overview and Level Annotations

Branches:
Dungeon (3/15)

Altars:

Shops:
D:1 [


Innate Abilities, Weirdness & Mutations

You are completely covered in rugged brown scales. (AC +3, +7% HP)
Armour fits poorly on your strangely shaped body.
You have a long armoured tail.
You roll when moving toward enemies. (Rampage)
Your long tongue fully drains potion bottles. (2x potion effects)
Your tongue gives you trouble enunciating. (1.5x scroll delay)


Message History

Found a scale mail.
You now have 112 gold pieces (gained 5).
An endoplasm comes into view.
The endoplasm quivers.
You hit the endoplasm.
The endoplasm is poisoned.
The endoplasm is heavily wounded.
The endoplasm freezes you.
You are frozen.
You hit the endoplasm.
You kill the endoplasm!
Found a stone staircase leading up.
You now have 123 gold pieces (gained 11).
An endoplasm comes into view.
The endoplasm quivers.
You hit the endoplasm but do no damage. You tail-slap the endoplasm.
The endoplasm is almost dead.
You hit the endoplasm but do no damage.
The endoplasm is poisoned.
The endoplasm is almost dead.
The endoplasm freezes you.
You are frozen.
You hit the endoplasm.
You kill the endoplasm!
Saving game... please wait.
Welcome back, Jase the Armataur Warper.
Press ? for a list of commands and other information.
HP restored.
An ogre comes into view. It is wielding a +0 giant spiked club.
Unknown command.
The ogre shouts!
Okay, then.
You aren't carrying any items that you can evoke.
There is a stone staircase leading up here.
You roll towards the ogre!
You hit the ogre but do no damage.
The ogre is poisoned.
The ogre hits you with a +0 giant spiked club!
You barely miss the ogre. You tail-slap the ogre.
The ogre is lightly wounded.
The ogre hits you with a +0 giant spiked club!!
Ouch! That really hurt!
You die...

#.. ... .. #. #.# ##...####
... #. #.# ....#.. ....
#.###.# #
#.#.#>##[.#####..#... #.
##.........#..........
#.##.......##...####...##
##.#.....O...#.......#..##
##........@.....#####.....#
.##.........<....## ####..#
......†..........## #...
#...###...........#### #...
... ##...#.........#####...
# ####..##.#............
#.###.###.##.#.#...
<..##......##.......
.#####..####†>##....#


You could see an ogre (very poisoned).

Vanquished Creatures
  An adder (D:2)
  3 worms (D:2)
  2 dart slugs
  6 ball pythons
  2 bats
  6 endoplasms
  2 giant cockroaches (D:2)
  5 goblins
  5 hobgoblins
  5 jackals
  6 kobolds
  A quokka (D:1)
  6 frilled lizards
  2 rats (D:2)
52 creatures vanquished.

Notes
Turn   | Place    | Note
-------+----------+-------------------------------------------
     0 | D:1      | Jase the Armataur Warper began the quest for the Orb.
     0 | D:1      | Reached XP level 1. HP: 18/18 MP: 3/3
   260 | D:1      | Found Miyq's Antique Armour Boutique.
   515 | D:1      | Reached XP level 2. HP: 6/25 MP: 4/4
   520 | D:1      | Learned a level 2 spell: Blink
   770 | D:1      | Learned a level 2 spell: Lesser Beckoning
  1482 | D:2      | Reached XP level 3. HP: 22/31 MP: 5/5
  1809 | D:2      | Reached skill level 1 in Stealth
  1979 | D:2      | Reached XP level 4. HP: 35/38 MP: 6/6
  2313 | D:3      | Noticed an ogre
  2319 | D:3      | Slain by an ogre

Illustrated notes

Levels and vault maps discovered:
D:1:      minmay_arrival_widening_spiral_narrow, layout_basic, serial_shops,
          nicolae_shop_waterfront, minmay_pentomino_v4
D:2:      layout_loops_ring, minmay_cupped
D:3:      layout_rooms, mainiacjoe_overflow_brackets, tgw_trog,
          gammafunk_ghost_necromancy, st_stairs_7

Skill      XL: |  1  2  3 |
---------------+----------+-----
Fighting       | 2 |  2.3
Long Blades    | 2 |  2.7
Armour         | 2 |  2.4
Stealth        | 1 |  1.0
Throwing       | |  0.8
Dodging        | |  1.3
Spellcasting   | |  1.7
Translocations | |  3.4

Action                     |  1- 3 |  4- 6 || total
---------------------------+-------+-------++-------
  Melee: Falchion          |   156 |     3 ||   159
         Tailslap          |    11 |     5 ||    16
         Punch             |     1 |       ||     1
         Dagger            |     5 |    24 ||    29
 Armour: Leather armour    |    68 |    11 ||    79
  Dodge: Dodged            |    68 |     7 ||    75

Table legend: (Time is in decaauts)
 A = Elapsed time spent in this place.
 B = Non-inter-level travel time spent in this place.
 C = Inter-level travel time spent in this place.
 D = Time resting spent in this place.
 E = Time spent auto-exploring this place.
 F = Levels seen in this place.
 G = Mean time per level.
                   A        B        C        D        E       F      G
               +--------+--------+--------+--------+--------+-----+--------+
         Total |   2344 |   2256 |     88 |    126 |   1659 |   3 |  781.3 |
       Dungeon |   2344 |   2256 |     88 |    126 |   1659 |   3 |  781.3 |
               +--------+--------+--------+--------+--------+-----+--------+

Top non-repeatable levels by time:
     D:1: 1401 daAuts
     D:2: 795 daAuts
     D:3: 147 daAuts
